 Dungeon Crawl Stone Soup version 0.27-a0-824-gca8104f8d5 (webtiles) character file.

Game seed: 14791066913554785530

193 LabCoat the Chopper (level 5, -1/46 HPs)
             Began as a Hill Orc Fighter on Mar 30, 2021.
             Slain by Sigmund
             ... wielding a +0 scythe
              (6 damage)
             ... on level 4 of the Dungeon.
             The game lasted 00:08:17 (3573 turns).

LabCoat the Chopper (Hill Orc Fighter)              Turns: 3573, Time: 00:08:17

Health: -1/46      AC:  9    Str: 20    XL:     5   Next: 72%
Magic:  5/5        EV:  5    Int:  8    God:
Gold:   145        SH:  9    Dex: 10    Spells: 4/4 levels left

rFire    . . .     SeeInvis .   a - +0 war axe
rCold    . . .     Faith    .   c - +0 kite shield
rNeg     . . .     Spirit   .   q - +0 chain mail
rPois    .         Reflect  .   (no helmet)
rElec    .         Harm     .   (no cloak)
rCorr    .         Rampage  .   (no gloves)
Will     .....                  (no boots)
Stlth    ..........             (no amulet)
HPRegen  0.15/turn              (no ring)
MPRegen  0.09/turn              (no ring)

@: mighty, about to teleport
A: no striking features
a: no special abilities


You were on level 4 of the Dungeon.
You visited 1 branch of the dungeon, and saw 4 of its levels.
You also visited: Sewer.

You collected 145 gold pieces.

Inventory:

Hand Weapons
 a - a +0 war axe (weapon)
 r - a +0 flail
Missiles
 f - a boomerang (quivered)
 p - 12 poisoned darts
Armour
 c - a +0 kite shield (worn)
 q - a +0 chain mail (worn)
Scrolls
 b - a scroll of fear {unknown}
 i - a scroll of blinking {unknown}
 l - a scroll of enchant weapon {unknown}
 m - 2 scrolls of fog {unknown}
 n - a scroll of magic mapping
 s - a scroll of immolation {unknown}
 t - a scroll of enchant armour {unknown}
 u - a scroll of summoning {unknown}
Potions
 d - a potion of might
 e - a potion of mutation {unknown}
 h - 3 potions of magic
 j - 2 potions of brilliance
 k - a potion of haste {unknown}


   Skills:
 + Level 4.1 Fighting
 * Level 5.9 Axes
 + Level 0.6 Throwing
 + Level 3.9 Armour
 + Level 4.0 Shields


You had 4 spell levels left.
You didn't know any spells.
Your spell library contained the following spells:

 Spells                   Type           Power      Damage    Failure   Level
 Animate Skeleton         Necr           0%         N/A       100%        1


Dungeon Overview and Level Annotations

Branches:
Dungeon (4/15)              Sewer (visited)
 Temple: D:4-7

Altars:
Gozag
Kikubaaqudgha
Sif Muna
Vehumet
Xom
Yredelemnul

Annotations:
D:4 Sigmund


Message History

You block Sigmund's attack. Sigmund hits you with a +0 scythe.
You closely miss Sigmund.
Sigmund is heavily wounded.
You block Sigmund's attack.
You closely miss Sigmund.
Sigmund is heavily wounded.
You block Sigmund's attack. x2
You barely miss Sigmund.
Sigmund is heavily wounded.
Sigmund hits you with a +0 scythe.
You hit Sigmund.
Sigmund is heavily wounded.
Sigmund points at himself and mumbles some strange words.
Sigmund flickers and vanishes!
Deactivating autopickup; reactivate with Ctrl-A.
You completely miss something. Something hits you. Something hits you!
* * * LOW HITPOINT WARNING * * *
You feel better.
You hear some strange, mumbled words.
You are confused.
You miss something. Something hits you. Something hits you but does no damage.
Something hits you.
* * * LOW HITPOINT WARNING * * *
Something hits you.
* * * LOW HITPOINT WARNING * * *
You feel better. Something hits you!
* * * LOW HITPOINT WARNING * * *
You feel better. Something hits you!
* * * LOW HITPOINT WARNING * * *
Something hits you but does no damage.
Your shield prevents you from hitting something.
You hear some strange, mumbled words.
A magic dart appears from out of thin air!
The magic dart hits you.
* * * LOW HITPOINT WARNING * * *
Something hits you but does no damage.
As you read the scroll of teleportation, it crumbles to dust.
You feel strangely unstable. Something hits you.
You die...

....# # #...# .
#...# ###.
##...## ....#
#.....####
#.....#..)......
#.....#.....#
......†....#
#.....{@..##
#.....###.#
##### #.#
###†###
#.#######.....#
#.......#.....#
#######.#.....#
##. ####.#.....#
#..
####..........#
#.#


There were no monsters in sight!

Vanquished Creatures
  Blork the orc (D:4)
  5 adders
  A river rat (Sewer)
  2 worms
  An orc (D:3)
  9 ball pythons
  4 endoplasms
  4 giant cockroaches
  2 gnoll zombies (D:2)
  4 goblins
  2 hobgoblins (D:3)
  3 jackals (D:2)
  4 kobolds
  2 quokkas
  5 bats
  13 frilled lizards
  16 rats
78 creatures vanquished.

Notes
Turn   | Place    | Note
-------+----------+-------------------------------------------
     0 | D:1      | LabCoat the Hill Orc Fighter began the quest for the Orb.
     0 | D:1      | Reached XP level 1. HP: 19/19 MP: 1/1
   107 | D:1      | Reached skill level 3 in Axes
   107 | D:1      | Reached XP level 2. HP: 10/27 MP: 2/2
   553 | D:2      | Reached XP level 3. HP: 32/33 MP: 3/3
   937 | D:2      | Reached skill level 4 in Axes
  1016 | D:2      | Found an opulent altar of Gozag.
  1066 | D:2      | Found a basalt altar of Yredelemnul.
  1259 | D:2      | Found a radiant altar of Vehumet.
  1259 | D:2      | Found an ancient bone altar of Kikubaaqudgha.
  1261 | D:2      | Found a shimmering blue altar of Sif Muna.
  1268 | D:2      | Identified Kikubaaqudgha's Almanac of Dark Secrets
  1557 | D:3      | Reached XP level 4. HP: 31/40 MP: 4/4
  1837 | D:3      | Found a shimmering altar of Xom.
  1865 | D:3      | Found a glowing drain.
  1878 | Sewer    | Entered a sewer
  2893 | D:3      | Reached skill level 5 in Axes
  3016 | D:3      | Reached XP level 5. HP: 43/46 MP: 5/5
  3368 | D:4      | Noticed Blork the orc
  3381 | D:4      | Killed Blork the orc
  3541 | D:4      | Noticed Sigmund
  3573 | D:4      | Slain by Sigmund

Illustrated notes

Levels and vault maps discovered:
D:1:      lemuel_arrival_behind_the_door_large, layout_rooms,
          minmay_statues_item
D:2:      layout_loops_ring, grunt_temple_overflow_magic_moments,
          lemuel_zombie_altar_yredelemnul, old_standard_altar
D:3:      layout_basic, old_standard_altar, cheibrodos_sewer_entry_bend,
          st_stairs_2, minmay_pentangle
D:4:      layout_loops_cross, lemuel_doored_altar,
          nicolae_overflow_crystal_walls, uniq_ijyb, uniq_duvessa, uniq_sigmund,
          uniq_blork_the_orc

Skill      XL: |  1  2  3  4  5 |
---------------+----------------+-----
Axes           | 3 4 5 |  5.9
Fighting       | 4 |  4.1
Shields        | 4 |  4.0
Throwing       | |  0.6
Armour         | |  3.9

Action                   |  1- 3 |  4- 6 || total
-------------------------+-------+-------++-------
Melee: War axe           |   100 |   132 ||   232
Throw: Boomerang         |    22 |     3 ||    25
  Use: Scroll            |     2 |     7 ||     9
       Potion            |       |     4 ||     4
Armor: Scale mail        |    42 |    42 ||    84
       Chain mail        |       |    17 ||    17
Dodge: Dodged            |    35 |    31 ||    66
Block: Kite shield       |    62 |    65 ||   127

Table legend: (Time is in decaauts)
 A = Elapsed time spent in this place.
 B = Non-inter-level travel time spent in this place.
 C = Inter-level travel time spent in this place.
 D = Time resting spent in this place.
 E = Time spent auto-exploring this place.
 F = Levels seen in this place.
 G = Mean time per level.
                   A        B        C        D        E       F      G
               +--------+--------+--------+--------+--------+-----+--------+
         Total |   3778 |   3689 |     89 |    884 |   2007 |   5 |  755.6 |
       Dungeon |   2981 |   2892 |     89 |    524 |   1858 |   4 |  745.2 |
         Sewer |    796 |    796 |      0 |    360 |    149 |   1 |  796.0 |
               +--------+--------+--------+--------+--------+-----+--------+

Top non-repeatable levels by time:
     D:3: 1174 daAuts
     D:2: 1019 daAuts
   Sewer: 796 daAuts
     D:1: 551 daAuts
     D:4: 236 daAuts
